 Dungeon Crawl Stone Soup version 0.22.1-1-ga44c0e5 (webtiles) character file.

168 Fang the Skirmisher (level 5, -13/51 HPs)
             Began as a Gargoyle Berserker on Oct 23, 2018.
             Was a Believer of Trog.
             Killed from afar by a goblin (16 damage)
             ... with a wand of acid (1)
             ... on level 3 of the Dungeon.
             The game lasted 00:04:06 (1834 turns).

Fang the Skirmisher (Gargoyle Berserker)            Turns: 1834, Time: 00:04:07

Health: -13/51     AC:  8    Str: 27    XL:     5   Next: 48%
Magic:  5/5        EV: 12    Int:  7    God:    Trog [**....]
Gold:   145        SH:  0    Dex:  9    Spells: 4/4 levels left

rFire    + . .     SeeInvis .   a - +0 hand axe
rCold    x . .     Gourm    .   (no shield)
rNeg     + . .     Faith    .   b - +0 animal skin
rPois    ∞         Spirit   .   h - +1 helmet
rElec    +         Reflect  .   (no cloak)
rCorr    .         Harm     .   (no gloves)
MR       .....                  (no boots)
Stlth    ..........             g - amulet of magic regeneration
HPRegen  0.17/turn              p - +4 ring of protection
MPRegen  0.34/turn              r - ring of fire

@: berserking, corroded, very quick
A: negative energy resistance 1, electricity resistance, unbreathing,
petrification resistance, rot immunity, AC +4
a: Berserk, Trog's Hand, Renounce Religion


You were on level 3 of the Dungeon.
You worshipped Trog.
Trog was pleased with you.
You were very hungry.

You visited 1 branch of the dungeon, and saw 3 of its levels.

You collected 145 gold pieces.

Inventory:

Hand Weapons
 a - a +0 hand axe (weapon)
Armour
 b - a +0 animal skin (worn)
 h - a +1 helmet (worn)
Jewellery
 g - an amulet of magic regeneration (around neck)
 p - a +4 ring of protection (left hand)
 r - a ring of fire (right hand)
Scrolls
 d - 2 scrolls of identify {unknown}
 e - 2 scrolls of teleportation {unknown}
 f - a scroll of random uselessness {unknown}
 i - a scroll of enchant armour {unknown}
 j - 2 scrolls of immolation {unknown}
 k - a scroll of blinking {unknown}
 o - a scroll of fear {unknown}
 q - a scroll of magic mapping {unknown}
 s - a scroll of remove curse {unknown}
 u - a scroll of enchant weapon {unknown}
Potions
 c - a potion of heal wounds {unknown}
 m - a potion of invisibility {unknown}
 n - a potion of berserk rage {unknown}
Comestibles
 l - 3 rations
 t - a chunk of flesh


   Skills:
 + Level 4.5 Fighting
 + Level 4.3 Axes
 + Level 2.3 Armour
 + Level 2.1 Dodging
 + Level 1.0 Stealth


You had 4 spell levels left.
You didn't know any spells.
Your spell library was empty.

Dungeon Overview and Level Annotations

Branches:
Dungeon (3/15)

Altars:
Okawaru


Innate Abilities, Weirdness & Mutations

You are resistant to torment.
Your stone body is resilient. (AC +4)
You are immune to poison.
You resist negative energy. (rN+)
You are resistant to electric shocks. (rElec)
You can survive without breathing.
You are immune to petrification.
You are immune to rotting.


Message History

Trog accepts your kill.
The kobold shoots a poisoned needle.
The poisoned needle barely misses you.
You completely miss the adder. The adder bites you.
The adder bites you but does no damage.
You hit the adder but do no damage. You closely miss the kobold.
The adder closely misses you.
The kobold unwields an uncursed blowgun.
The kobold barely misses you.
The goblin zaps a wand.
The bolt of acid hits the kobold.
The kobold is splashed with acid.
The kobold dies!
The bolt of acid hits you!
Ouch! That really hurt!
The acid corrodes you!
You are splashed with acid!
The acid burns!
* * * LOW HITPOINT WARNING * * *
It is a wand of acid (1).
A red film seems to cover your vision as you go berserk!
You feel yourself moving faster!
You feel mighty!
You are feeling very hungry.
The adder barely misses you.
The goblin zaps a wand.
The bolt of acid hits you!
You die...

...# ####### ...#####
#@..†.# ##... ...#
.....gS<###.# .....
...# .#....g.# #)# #..
.#...# #....### #.#
#.#+#....#
#..#.#####.###.#....#
#...>...............#
##...#########.###..##
... ....#.....##
.............


You could see an adder and 2 goblins.

Vanquished Creatures
  2 orc priests (D:3)
  2 adders (D:2)
  An ooze (D:3)
  3 worms
  A dart slug (D:3)
  A leopard gecko (D:2)
  12 orcs (D:3)
  3 giant cockroaches (D:1)
  4 goblins (D:2)
  12 hobgoblins
  6 kobolds
  A quokka (D:2)
  5 bats
  3 frilled lizards
  5 rats
61 creatures vanquished.

Vanquished Creatures (others)
  A kobold (D:3)
1 creature vanquished.

Grand Total: 62 creatures vanquished

Notes
Turn   | Place    | Note
-------+----------+-------------------------------------------
     0 | D:1      | Fang the Gargoyle Berserker began the quest for the Orb.
     0 | D:1      | Reached XP level 1. HP: 14/14 MP: 1/1
   233 | D:1      | Reached XP level 2. HP: 20/20 MP: 2/2
   403 | D:1      | Reached ** piety under Trog
   650 | D:2      | Reached XP level 3. HP: 20/24 MP: 3/3
  1374 | D:2      | Reached XP level 4. HP: 27/29 MP: 4/4
  1676 | D:3      | Found an iron altar of Okawaru.
  1707 | D:3      | Reached XP level 5. HP: 34/34 MP: 5/5
  1825 | D:3      | Reached skill level 1 in Stealth
  1834 | D:3      | Killed from afar by a goblin

Skill      XL: |  1  2  3  4  5 |
---------------+----------------+-----
Axes           | 3 4 |  4.3
Fighting       | 4 |  4.5
Dodging        | 2 |  2.1
Stealth        | 1 |  1.0
Armour         | |  2.3

Action                   |  1- 3 |  4- 6 || total
-------------------------+-------+-------++-------
Melee: Hand axe          |   112 |    68 ||   180
Invok: Berserk           |     3 |     2 ||     5
  Eat: Chunk             |     1 |     2 ||     3
       Ration            |     1 |       ||     1
Armor: Animal skin       |    44 |    21 ||    65
Dodge: Dodged            |    63 |    38 ||   101
